[Event "Dvorkovich Memorial Rapid 2018"]
[Site "Taganrog"]
[Date "2018.01.14"]
[Round "7"]
[White "Demkovich, Anatoliy"]
[Black "Sipetin, Vladislav"]
[Result "1/2-1/2"]
[ECO "A13"]
[WhiteElo "2407"]
[BlackElo "2263"]
[Annotator "ChessBase"]
[PlyCount "97"]
[EventDate "2018.??.??"]
[EventType "swiss"]
[EventCountry "RUS"]
[SourceTitle "playchess.com"]
[Source "ChessBase"]
[SourceQuality "1"]
[TimeControl "900+10"]

1. Nf3 d5 2. c4 e6 3. e3 Nf6 4. b3 Be7 5. Bb2 O-O 6. Be2 c5 7. O-O Nc6 8. cxd5 Nxd5 9. a3 b6 10. d3 Bb7 11. Nbd2 Bf6 12. Bxf6 Nxf6 13. Qc2 Qd5 14. Rac1 Rfd8 15. Rfd1 Rac8 16. Qb2 h6 17. Bf1 Ne7 18. b4 cxb4 19. axb4 Rxc1 20. Rxc1 Rc8 21. Ra1 Nc6 22. b5 Na5 23. Ne5 Ra8 24. h3 Nd7 25. Nxd7 Qxd7 26. d4 Rc8 27. Rc1 Rxc1 28. Qxc1 Qc8 29. Qxc8+ Bxc8 30. Ne4 Nb7 31. f3 Kf8 32. Kf2 Ke7 33. Nc3 Nd6 34. e4 Ne8 35. Ke3 Nc7 36. Bc4 a6 37. bxa6 Bxa6 38. Bb3 Bb5 39. h4 g5 40. hxg5 hxg5 41. g3 Bd7 42. Na4 Bxa4 43. Bxa4 f6 44. f4 gxf4+ 45. Kxf4 Kd6 46. Bb3 Nb5 47. e5+ Ke7 48. exf6+ Kxf6 49. Ke3 1/2-1/2

[Event "Dvorkovich Memorial Rapid 2018"]
[Site "Taganrog"]
[Date "2018.01.14"]
[Round "7"]
[White "Tsoi, Dmitry"]
[Black "Gunchenko, Vadim"]
[Result "0-1"]
[ECO "A26"]
[WhiteElo "2371"]
[BlackElo "2338"]
[Annotator "ChessBase"]
[PlyCount "41"]
[EventDate "2018.??.??"]
[EventType "swiss"]
[EventCountry "RUS"]
[SourceTitle "playchess.com"]
[Source "ChessBase"]
[SourceQuality "1"]
[TimeControl "900+10"]

1. c4 e5 2. g3 Nc6 3. Bg2 g6 4. Nc3 Bg7 5. d3 d6 6. Nf3 Nf6 7. O-O h6 8. Rb1 a5 9. a3 Be6 10. b4 axb4 11. axb4 Qd7 12. b5 Nd8 13. Ne1 O-O 14. Nc2 Bh3 15. Bh1 Bxf1 16. Qxf1 c6 17. Nb4 cxb5 18. cxb5 Ne6 19. Nbd5 Nxd5 20. Nxd5 Ra2 21. Bxh6 0-1

[Event "Dvorkovich Memorial Rapid 2018"]
[Site "Taganrog"]
[Date "2018.01.14"]
[Round "7"]
[White "Kamenets, Anatolij"]
[Black "Novoseltsev, Grigory"]
[Result "1-0"]
[ECO "D70"]
[WhiteElo "2294"]
[BlackElo "1936"]
[Annotator "ChessBase"]
[PlyCount "131"]
[EventDate "2018.??.??"]
[EventType "swiss"]
[EventCountry "RUS"]
[SourceTitle "playchess.com"]
[Source "ChessBase"]
[SourceQuality "1"]
[TimeControl "900+10"]

1. d4 Nf6 2. c4 g6 3. f3 d5 4. cxd5 Nxd5 5. e4 Nb6 6. Nc3 Bg7 7. Be3 Nc6 8. d5 Ne5 9. Bd4 O-O 10. f4 Bg4 11. Be2 Bxe2 12. Qxe2 Ned7 13. Bxg7 Kxg7 14. Nf3 e6 15. O-O-O exd5 16. Nxd5 Nxd5 17. Rxd5 Qe7 18. Rhd1 Nb6 19. R5d4 Rad8 20. Qd2 Qc5+ 21. Kb1 Rxd4 22. Qxd4+ Qxd4 23. Rxd4 h5 24. b3 Kf6 25. Kc2 Ke6 26. Kc3 c5 27. Rd2 f6 28. a4 Rc8 29. a5 Nd7 30. Kc4 Rc6 31. Rd5 a6 32. f5+ gxf5 33. Rxf5 b5+ 34. axb6 Nxb6+ 35. Kc3 a5 36. Rxh5 a4 37. bxa4 Nxa4+ 38. Kc4 Rb6 39. Rh6 Rb4+ 40. Kd3 c4+ 41. Ke3 Kf7 42. Rh7+ Kg6 43. Rc7 c3 44. Rc6 Kg7 45. Nd4 Rb2 46. Kf3 Rd2 47. Rc4 Nb2 48. Nf5+ Kg6 49. Rxc3 Nd1 50. Rc7 Rf2+ 51. Kg3 Re2 52. Nh4+ Kh6 53. Re7 Kg5 54. Nf3+ Kh5 55. h3 Ne3 56. Kf4 Nd5+ 57. exd5 Rxe7 58. Kf5 Re2 59. g4+ Kh6 60. d6 Rf2 61. d7 Rxf3+ 62. Ke4 Rxh3 63. d8=Q Kg5 64. Qg8+ Kh4 65. Qg6 Rg3 66. Qh5# 1-0

[Event "Dvorkovich Memorial Rapid 2018"]
[Site "Taganrog"]
[Date "2018.01.14"]
[Round "7"]
[White "Simonyan, Grigori"]
[Black "Ivlev, Aleksey"]
[Result "1-0"]
[ECO "C54"]
[WhiteElo "2075"]
[BlackElo "2300"]
[Annotator "ChessBase"]
[PlyCount "60"]
[EventDate "2018.??.??"]
[EventType "swiss"]
[EventCountry "RUS"]
[SourceTitle "playchess.com"]
[Source "ChessBase"]
[SourceQuality "1"]
[TimeControl "900+10"]

1. e4 e5 2. Nf3 Nc6 3. Bc4 Bc5 4. O-O Nf6 5. Re1 O-O 6. d3 a6 7. c3 d6 8. Bb3 Ba7 9. Nbd2 Be6 10. Nf1 d5 11. exd5 Bxd5 12. Nxe5 Nxe5 13. Rxe5 Bxb3 14. axb3 Qd7 15. Be3 Ng4 16. Rg5 Nxe3 17. Nxe3 h6 18. Qg4 Qxg4 19. Rxg4 Rad8 20. d4 c5 21. d5 f5 22. Rf4 g6 23. c4 Bb8 24. Rf3 Rfe8 25. g3 Re4 26. Kf1 Rde8 27. Ra5 Ba7 28. h3 Bb6 29. Ra1 Bc7 30. Rd1 Bd6 1-0

[Event "Dvorkovich Memorial Rapid 2018"]
[Site "Taganrog"]
[Date "2018.01.14"]
[Round "7"]
[White "Bocharova, Ulyana"]
[Black "Kotenko, Pavel"]
[Result "0-1"]
[ECO "E63"]
[WhiteElo "1874"]
[BlackElo "2403"]
[Annotator "ChessBase"]
[PlyCount "71"]
[EventDate "2018.??.??"]
[EventType "swiss"]
[EventCountry "RUS"]
[SourceTitle "playchess.com"]
[Source "ChessBase"]
[SourceQuality "1"]
[TimeControl "900+10"]

1. c4 Nf6 2. Nc3 g6 3. Nf3 Bg7 4. g3 O-O 5. Bg2 d6 6. d4 Nc6 7. O-O a6 8. b3 Rb8 9. a4 a5 10. Bb2 Bf5 11. Nh4 Bd7 12. e4 e5 13. dxe5 dxe5 14. Nd5 Be6 15. Qd2 Nd7 16. Rad1 b6 17. Nf3 Nc5 18. Qe3 Bd7 19. Rfe1 Ne6 20. Rd2 Ned4 21. Nxd4 Nxd4 22. Red1 Be6 23. f4 c5 24. h3 Qd6 25. Ba3 Rbe8 26. Re1 Kh8 27. Bb2 f5 28. Kh1 fxe4 29. fxe5 Qxe5 30. Nf4 Bc8 31. Qxe4 Qxe4 32. Rxe4 Nxb3 33. Bxg7+ Kxg7 34. Rde2 Rxe4 35. Rxe4 Nd2 36. Re7+ 0-1